 Dungeon Crawl Stone Soup version 0.21.1-1-g345015fe64 (webtiles) character file.

37 Ivernyr the Charmwright (level 3, 0/27 HPs)
             Began as a Human Skald on May 9, 2018.
             Slain by an adder (2 damage)
             ... on level 2 of the Dungeon.
             The game lasted 00:11:25 (1438 turns).

Ivernyr the Charmwright (Human Skald)               Turns: 1438, Time: 00:11:26

Health: 0/27       AC:  3    Str: 11    XL:     3   Next: 60%
Magic:  0/6        EV: 12    Int: 13    God:
Gold:   73         SH:  0    Dex: 13    Spells: 1/6 levels left

rFire    . . .     SeeInvis .   a - +0 falchion
rCold    . . .     Gourm    .   (no shield)
rNeg     . . .     Faith    .   b - +0 leather armour
rPois    .         Spirit   .   (no helmet)
rElec    .         Reflect  .   (no cloak)
rCorr    .         Harm     .   (no gloves)
MR       .....                  (no boots)
Stlth    +.........             (no amulet)
HPRegen  0.09/turn              (no ring)
MPRegen  0.10/turn              (no ring)

@: lethally poisoned (0 -> -3), shrouded
A: no striking features
a: no special abilities


You were on level 2 of the Dungeon.
You were hungry.

You visited 1 branch of the dungeon, and saw 2 of its levels.

You collected 73 gold pieces.

Inventory:

Hand Weapons
 a - a +0 falchion (weapon)
Missiles
 k - 14 poisoned needles
Armour
 b - a +0 leather armour (worn)
Scrolls
 h - a scroll of amnesia {unknown}
 j - a scroll of identify {unknown}
 l - a scroll of teleportation {unknown}
Potions
 e - a potion of flight {unknown}
 f - 2 potions of curing {unknown}
 g - a potion of heal wounds {unknown}
 i - a potion of agility {unknown}
Books
 c - a book of Battle

   Spells                             Type                      Level
   a - Infusion                       Charms                       1
   b - Shroud of Golubria             Charms/Translocation         2
   c - Song of Slaying                Charms                       2
   d - Spectral Weapon                Hexes/Charms                 3
   e - Regeneration                   Charms/Necromancy            3
Comestibles
 d - 2 rations


   Skills:
 - Level 2.0 Fighting
 + Level 2.5 Long Blades
 * Level 2.3 Armour
 - Level 2.0 Dodging
 - Level 2.0 Spellcasting
 + Level 3.3 Charms


You had one spell level left.
You knew the following spells:

 Your Spells              Type           Power        Failure   Level  Hunger
a - Shroud of Golubria    Chrm/Tloc      #.........   26%         2    ###....
b - Song of Slaying       Chrm           ##......     13%         2    ###....
c - Infusion              Chrm           ##..         9%          1    ##.....


Dungeon Overview and Level Annotations

Branches:
Dungeon (2/15)

Altars:


Message History

You are poisoned.
The adder poisons you! The adder barely misses you.
Your magical contamination has completely faded away.
You closely miss the adder.
The adder is severely wounded.
You feel sick. The adder bites you.
* * * LOW HITPOINT WARNING * * *
Casting: Shroud of Golubria
Confirm with . or Enter, or press ? or * to list all spells.
Space distorts slightly along a thin shroud covering your body.
The adder barely misses you. The adder closely misses you.
You closely miss the adder.
The adder is severely wounded.
The adder bites you.
* * * LOW HITPOINT WARNING * * *
You miss the adder.
The adder is severely wounded.
* * * LOW HITPOINT WARNING * * *
You feel sick. The adder bites you.
You die...

########....#
#......
...........)#
#......
#########...#
#......
#>..#........
#...#.#......
######...#
#......
#........#
#......
#.####..## #@#
#..# #S# #..#
#..?........<.
######.########
#.# #.# #.# #.#
)#.


You could see an adder.

Vanquished Creatures
  A worm (D:2)
  2 dart slugs (D:1)
  A ball python (D:2)
  3 bats
  6 goblins
  3 hobgoblins
  3 jackals (D:1)
  5 kobolds
  A rat (D:1)
25 creatures vanquished.

Notes
Turn   | Place    | Note
-------+----------+-------------------------------------------
     0 | D:1      | Ivernyr the Human Skald began the quest for the Orb.
     0 | D:1      | Reached XP level 1. HP: 16/16 MP: 3/3
     6 | D:1      | Noticed a wyvern
     6 | D:1      | Noticed a wolf
     6 | D:1      | Noticed a redback
     7 | D:1      | Noticed a swamp worm
     7 | D:1      | Noticed a polar bear
   253 | D:1      | Reached XP level 2. HP: 20/22 MP: 5/5
   257 | D:1      | Learned a level 2 spell: Song of Slaying
   260 | D:1      | Learned a level 2 spell: Shroud of Golubria
   799 | D:1      | Reached XP level 3. HP: 24/27 MP: 6/6
  1438 | D:2      | Slain by an adder

Skill      XL: |  1  2 |
---------------+-------+-----
Armour         | 2 |  2.3
Fighting       | |  2.0
Long Blades    | |  2.5
Dodging        | |  2.0
Spellcasting   | |  2.0
Charms         | |  3.3

Action                   || total
-------------------------++-------
Melee: Falchion          ||   107
 Cast: Shroud of Golubri ||     7
       Song of Slaying   ||     2
  Eat: Chunk             ||     2
Armor: Leather armour    ||    29
Dodge: Dodged            ||    74
       Rpst.: Falchion   ||    18
